 Dungeon Crawl Stone Soup version 0.27-a0-1595-g0b823d0a13 (webtiles) character file.

Game seed: 3391531267280496455

21 flotson the Sneak (level 2, 0/24 HPs)
             Began as a Demonspawn Delver on July 20, 2021.
             Slain by an adder (3 damage)
             ... on level 3 of the Dungeon.
             The game lasted 00:01:30 (851 turns).

flotson the Sneak (Demonspawn Delver)                Turns: 851, Time: 00:01:31

Health: 0/24       AC:  3    Str: 12    XL:     2   Next: 62%
Magic:  2/2        EV: 12    Int: 11    God:
Gold:   15         SH:  0    Dex: 14    Spells: 1/1 levels left

rFire    + . .     SeeInvis .   a - +0 hand axe
rCold    . . .     Faith    .   (no shield)
rNeg     + . .     Spirit   .   b - +0 leather armour
rPois    .         Reflect  .   (helmet restricted)
rElec    .         Harm     .   (no cloak)
rCorr    .         Rampage  .   (no gloves)
Will     .....                  (no boots)
Stlth    +++.......             (no amulet)
HPRegen  0.08/turn              h - ring of positive energy
MPRegen  0.08/turn              i - ring of protection from fire

@: lethally poisoned (0 -> -5), flying
A: antennae 1
a: no special abilities


You were on level 3 of the Dungeon.
You visited 1 branch of the dungeon, and saw 3 of its levels.

You collected 15 gold pieces.

Inventory:

Hand Weapons
 a - a +0 hand axe (weapon)
Missiles
 j - 12 poisoned darts (quivered)
Armour
 b - a +0 leather armour (worn)
Jewellery
 h - a ring of positive energy (left hand)
 i - a ring of protection from fire (right hand)
Wands
 g - a wand of digging (3)
Scrolls
 c - a scroll of fog
 e - a scroll of fear
Potions
 f - a potion of haste


   Skills:
 + Level 3.2 Fighting
 + Level 2.0 Axes
 + Level 0.4 Throwing
 + Level 0.4 Armour
 + Level 2.0 Dodging
 + Level 4.7 Stealth


You had one spell level left.
You didn't know any spells.
Your spell library was empty.

Dungeon Overview and Level Annotations

Branches:
Dungeon (5/15)
 Temple: D:4-7

Altars:

Shops:
D:4 !   D:5 *


Innate Abilities, Weirdness & Mutations

You have a pair of small antennae on your head.


Message History

The adder bites you but does no damage. The adder bites you.
You are poisoned.
The adder poisons you!
You closely miss the adder.
The adder is moderately wounded.
You feel sick. The adder closely misses you.
You slash the adder!
The adder is almost dead.
You feel sick. The adder barely misses you. The adder bites you.
You are more poisoned.
The adder poisons you!
You closely miss the adder.
The adder is almost dead.
You feel very sick. The adder closely misses you.
You hit the adder but do no damage.
The adder is almost dead.
You feel sick. The adder bites you but does no damage. The adder misses you.
You closely miss the adder.
The adder is almost dead.
You feel sick. The adder bites you. x2
You are lethally poisoned!
The adder poisons you!
You are too injured to fight recklessly!
You are too injured to fight recklessly!
You are too injured to fight recklessly!
You are too injured to fight recklessly!
You are too injured to fight recklessly!
You barely miss the adder.
The adder is almost dead.
* * * LOW HITPOINT WARNING * * *
You feel very sick. The adder bites you.
* * * LOW HITPOINT WARNING * * *
It was a potion of flight.
You feel very buoyant.
You fly up into the air.
* * * LOW HITPOINT WARNING * * *
You feel sick. The adder bites you.
You die...

# # #. .# .###.
.# .b. . #S# #
##. #@# #.#.. #.#
#.#.# #.#
#.#.#######.#
#####...........#
.........####.###
#######.## #.#
#######.# #.#
#.......# #.#


You could see an adder and a bat.

Vanquished Creatures
  An adder (D:3)
  A white imp (D:3)
  A goblin (D:3)
  A hobgoblin (D:3)
  2 kobolds
6 creatures vanquished.

Notes
Turn   | Place    | Note
-------+----------+-------------------------------------------
     0 | D:5      | flotson the Demonspawn Delver began the quest for the Orb.
     0 | D:5      | Reached XP level 1. HP: 18/18 MP: 1/1
    57 | D:5      | Noticed a hound
    67 | D:4      | Found Unkinasm's Distillery.
   229 | D:3      | Gained mutation: You have a pair of small antennae on your
                  | head. [demonic ancestry]
   229 | D:3      | Reached XP level 2. HP: 9/24 MP: 2/2
   774 | D:3      | Found a faded altar of an unknown god.
   851 | D:3      | Slain by an adder

Illustrated notes

Levels and vault maps discovered:
D:3:      layout_loops_ring, general_overflow_altar,
          shapermc_ecumenical_altar_venn, kennysheep_generic_room_7
D:4:      layout_basic, serial_shops, nicolae_shop_trees, enter_ossuary_5,
          minmay_misc_feat_diagonals, uniq_eustachio
D:5:      minmay_goblin_kobold_castle, layout_gridville, xom_redecorated,
          serial_shops, shop_fountains, shop, shop, shop, minmay_lizard_king

Skill      XL: |  1  2 |
---------------+-------+-----
Dodging        | 2 |  2.0
Axes           | 2 |  2.0
Fighting       | |  3.2
Throwing       | |  0.4
Armour         | |  0.4
Stealth        | |  4.7

Action                   || total
-------------------------++-------
Melee: Hand axe          ||    35
Throw: Dart              ||     3
  Use: Scroll            ||     1
       Potion            ||     1
 Stab: Sleeping          ||     1
Armor: Leather armour    ||    10
Dodge: Dodged            ||    20

Table legend: (Time is in decaauts)
 A = Elapsed time spent in this place.
 B = Non-inter-level travel time spent in this place.
 C = Inter-level travel time spent in this place.
 D = Time resting spent in this place.
 E = Time spent auto-exploring this place.
 F = Levels seen in this place.
 G = Mean time per level.
                   A        B        C        D        E       F      G
               +--------+--------+--------+--------+--------+-----+--------+
         Total |    856 |    856 |      0 |      0 |    685 |   3 |  285.3 |
       Dungeon |    856 |    856 |      0 |      0 |    685 |   3 |  285.3 |
               +--------+--------+--------+--------+--------+-----+--------+

Top non-repeatable levels by time:
     D:3: 731 daAuts
     D:4: 63 daAuts
     D:5: 62 daAuts
